 Dungeon Crawl Stone Soup version 0.29.1-4-g47bece8355 (webtiles) character file.

Game seed: 6170877943224460462

7 ChadusMaximus the Caller (level 2, 0/19 HPs)
             Began as a Human Summoner on Dec 9, 2022.
             Slain by a worm (8 damage)
             ... on level 2 of the Dungeon.
             The game lasted 00:00:47 (706 turns).

ChadusMaximus the Caller (Human Summoner)            Turns: 706, Time: 00:00:48

Health: 0/19       AC:  2    Str:  8    XL:     2   Next: 5%
Magic:  1/5        EV: 12    Int: 15    God:
Gold:   9          SH:  0    Dex: 13    Spells: 4/5 levels left

rFire   . . .      SeeInvis .   d - +0 dagger
rCold   . . .      Faith    .   (no shield)
rNeg    . . .      Spirit   .   a - +0 robe
rPois   .          Reflect  .   (no helmet)
rElec   .          Harm     .   (no cloak)
rCorr   .          Rampage  .   (no gloves)
Will    .....                   (no boots)
Stlth   ++........              (no amulet)
HPRegen 0.06/turn               (no ring)
MPRegen 0.09/turn               (no ring)

@: no status effects
A: no striking features
a: no special abilities


You were on level 2 of the Dungeon.
You visited 1 branch of the dungeon, and saw 2 of its levels.

You collected 9 gold pieces.

Inventory:

Hand Weapons
 d - a +0 dagger (weapon)
Armour
 a - a +0 robe (worn)
Scrolls
 c - a scroll of teleportation {unknown}
Potions
 b - a potion of magic


   Skills:
 - Level 2.1 Dodging
 - Level 2.2 Stealth
 + Level 2.1 Spellcasting
 * Level 4.1 Summonings


You had 4 spell levels left.
You knew the following spells:

 Your Spells              Type           Power      Damage    Failure   Level
a - Summon Small Mammal   Summ           52%        N/A       4%          1

Your spell library contained the following spells:

 Spells                   Type           Power      Damage    Failure   Level
 Call Imp                 Summ           13%        N/A       6%          2
 Call Canine Familiar     Summ           13%        N/A       12%         3
 Summon Guardian Golem    Hex/Summ       7%         N/A       28%         3
 Summon Lightning Spire   Summ/Air       7%         N/A       67%         4


Dungeon Overview and Level Annotations

Branches:
Dungeon (1/15)

Altars:


Message History

g - Guard the area. f - Follow me.
Anything else - Cancel.
Gang up on whom?
Press: ? - help, Dir - move target, f - worm
Aim: a worm (heavily wounded, ally target) Attack!
Your bat hits the worm but does no damage.
Your bat barely misses the worm.
Your bat hits the worm.
Your bat closely misses the worm.
Your bat hits the worm but does no damage.
Your bat hits the worm but does no damage. x2
Casting: Summon Small Mammal (safe; 4% risk of failure)
Confirm with . or Enter, or press ? or * to list all spells.
Your bat disappears in a puff of smoke!
Your bat hits the worm.
Your bat closely misses the worm.
Your bat hits the worm.
You swap places.
The giant cockroach bites your rat but does no damage.
Your rat barely misses the giant cockroach.
Unknown command.
There are no items here.
There are no items here.
Your bat hits the worm but does no damage.
The giant cockroach bites your rat but does no damage.
The worm completely misses your bat.
Your rat bites the giant cockroach but does no damage.
Your bat hits the worm but does no damage.
The giant cockroach bites your rat but does no damage.
The giant cockroach closely misses your rat.
Your rat barely misses the giant cockroach.
You barely miss the worm.
The worm is moderately wounded.
The giant cockroach misses your rat.
Your bat hits the worm but does no damage.
Your rat barely misses the giant cockroach.
You hit the worm.
The worm is heavily wounded.
Your bat hits the worm but does no damage. x2
The giant cockroach bites your rat. The worm bites you!
You die...

.. ... ...# #########
..## #.......# .. ...#
#.......# ...##..
#.......##
>......####........####
..#....>##...........#
#.......#@......#
#......!wr#######
#.......bB.......
#................
#...........#####
###...#.......
###?.........
#..?........
#...........


You could see a worm (ally target), a giant cockroach (ally target), a friendly
bat (summoned) and a friendly rat (summoned).

Vanquished Creatures
  A dart slug (D:1)
  An endoplasm (D:1)
  A quokka (D:1)
3 creatures vanquished.

Vanquished Creatures (collateral kills)
  A goblin (D:1)
1 creature vanquished.

Grand Total: 4 creatures vanquished

Notes
Turn   | Place    | Note
-------+----------+-------------------------------------------
     0 | D:1      | ChadusMaximus the Human Summoner began the quest for the
                  | Orb.
     0 | D:1      | Reached XP level 1. HP: 13/13 MP: 3/3
   622 | D:1      | Reached XP level 2. HP: 15/19 MP: 1/5
   674 | D:1      | You fall into a shaft and drop 1 floor!
   706 | D:2      | Slain by a worm

Illustrated notes

Levels and vault maps discovered:
D:1:      dpeg_arrival_rooms_a, layout_basic, kennysheep_pointless_box,
          chequers_big_river, grunt_decor_arrowhead, minmay_misc_feat_enclosed
D:2:      layout_rooms, uniq_natasha

Action                   || total
-------------------------++-------
Melee: Dagger            ||    26
 Cast: Summon Small Mamm ||    14
Armor: Robe              ||     2
Dodge: Dodged            ||    13
